Map: Kairos Junction LE

Players

Elome

  • Race: Terran Terran
  • Spawn Location: 5:00

Throwfordays - Winner!

  • Race: Zerg Zerg
  • League: Silver
  • Spawn Location: 11:00

VOD

Have the link to the VOD?

Description

Time

  • Played on: May 17, 2019, 5:05 p.m.
  • Length: 6:32
Show
View Real Time Build Order
Export as new Build Order

Elome Terran 

Build Orders:  

Get SALT Encoding   

  12  0:02  SCV  
  13  0:16  SCV  
  14  0:33  Supply Depot  
  14  0:43  Supply Depot  
  14  0:46  SCV  
  15  0:58  SCV  
  16  1:08  Barracks  
  16  1:10  SCV  
  16  1:11  Refinery  
  17  1:22  SCV  
  18  1:36  Refinery  
  18  1:42  Command Center  
  18  1:58  Engineering Bay  
  18  2:04  SCV  
  19  2:17  SCV  
  20  2:34  Marine, Bunker  
  21  2:51  Marine  
  21  2:57  SCV  
  23  3:03  Barracks  
  23  3:09  Marine, SCV  
  23  3:21  SCV  
  23  3:27  Marine  
  23  3:33  SCV x2  
  25  3:45  Marine  
  25  3:46  SCV, Terran Infantry Weapons Level 1  
  27  3:58  SCV  
  28  4:03  Marine  
  28  4:08  Factory  
  29  4:15  Orbital Command  
  29  4:21  Marine  
  29  4:24  SCV  
  31  4:36  SCV  
  32  4:38  Marine, Barracks Reactor  
  32  4:41  Missile Turret  
  33  4:48  SCV  
  34  4:55  Refinery  
  34  4:56  Reaper  
  35  5:00  SCV  
  35  5:05  Factory Tech Lab  
  36  5:12  SCV  
  37  5:17  SCV  
  37  5:19  Refinery  
  38  5:24  SCV  
  38  5:26  Hellion  
  41  5:28  Marine  
  41  5:29  SCV  
  43  5:36  SCV  
  43  5:39  Supply Depot  
  44  5:46  Marine  
  44  5:48  SCV  
  46  6:01  SCV, Hellion  
  46  6:03  Supply Depot  
  49  6:10  Command Center  
  28  6:26  Supply Depot  
Show
View Real Time Build Order
Export as new Build Order

Throwfordays Zerg - Winner!

Build Orders: Hatch First 

Get SALT Encoding   

  12  0:01  Drone  
  13  0:09  Drone  
  14  0:17  Overlord  
  14  0:42  Hatchery  
  14  0:45  Drone  
  14  0:50  Drone  
  14  0:53  Drone  
  16  1:08  Spawning Pool  
  15  1:12  Drone  
  15  1:15  Drone  
  17  1:19  Extractor  
  17  1:20  Drone  
  17  1:29  Drone  
  18  1:39  Drone  
  19  1:52  Overlord  
  19  1:55  Drone  
  19  1:59  Queen  
  22  2:01  Queen  
  22  2:06  Zergling x2  
  25  2:13  Zergling x2  
  26  2:18  Drone x2  
  28  2:23  Metabolic Boost  
  28  2:26  Zergling x2  
  29  2:43  Drone x2  
  31  2:47  Extractor  
  31  2:48  Drone x2  
  32  2:59  Zergling x2  
  32  3:02  Drone x2  
  35  3:23  Zergling x2  
  34  3:28  Overlord x3  
  34  3:33  Drone  
  34  3:34  Drone  
  36  3:44  Lair  
  36  3:46  Queen  
  38  3:48  Drone x2  
  38  3:49  Drone  
  38  3:52  Drone x2  
  43  3:57  Zergling x6  
  43  4:02  Drone  
  47  4:05  Drone x4  
  47  4:09  Extractor  
  50  4:19  Extractor, Drone  
  50  4:20  Hatchery  
  50  4:23  Zergling x2  
  51  4:24  Zergling x2  
  51  4:30  Zergling x6  
  54  4:42  Drone  
  54  4:43  Drone  
  56  4:49  Zergling x4  
  58  4:57  Nydus Network  
  57  5:00  Zergling x2  
  57  5:04  Drone x2  
  57  5:07  Overlord  
  60  5:14  Overlord x2  
  60  5:26  Drone x2  
  62  5:28  Drone  
  62  5:30  Drone x2  
  62  5:34  Queen, Drone  
  68  5:41  Zergling x10  
  68  5:42  Zergling x2  
  74  5:47  Evolution Chamber  
  73  5:50  Baneling Nest  
  73  5:51  Nydus Canal  
  72  5:57  Zergling x2  
  72  6:02  Overseer  
Tags
 
League
Silver
Matchup
TvZ
Replay Pack
Multiplayer
Spawn Locations
Cross Positions
Add a new tag
Caveats
  • Supply blocks, unpowered buildings, or Contaminate may cause inaccurate times.
  • Supply counts are checked every 10 seconds.